 Dungeon Crawl Stone Soup version 0.24.0-125-gc4c63601f3 (webtiles) character file.

Game seed: 5675539748098432555, levelgen mode: deterministic

88 CollectiveS the Firebug (level 4, 0/33 HPs)
             Began as a Demigod Fire Elementalist on Mar 10, 2020.
             Slain by Grinder (6 damage)
             ... on level 3 of the Dungeon.
             The game lasted 00:15:18 (1686 turns).

CollectiveS the Firebug (Demigod Fire Elementalist) Turns: 1686, Time: 00:15:19

Health: 0/33       AC:  5    Str: 11    XL:     4   Next: 9%
Magic:  0/10       EV: 13    Int: 21    God:
Gold:   69         SH:  0    Dex: 16    Spells: 6/7 levels left

rFire    . . .     SeeInvis .   b - +1 spear (venom)
rCold    . . .     Gourm    .   (no shield)
rNeg     . . .     Faith    .   a - +0 robe
rPois    .         Spirit   .   (no helmet)
rElec    .         Reflect  .   o - +2 cloak
rCorr    .         Harm     .   (no gloves)
MR       .....                  (no boots)
Stlth    ++........             (no amulet)
HPRegen  0.11/turn              (no ring)
MPRegen  0.12/turn              (no ring)

@: very slightly contaminated
A: high mp 1
a: no special abilities


You were on level 3 of the Dungeon.
You were not hungry.

You visited 1 branch of the dungeon, and saw 3 of its levels.

You collected 69 gold pieces.

Inventory:

Hand Weapons
 b - a +1 spear of venom (weapon)
 g - a +1 short sword of electrocution
 l - a +1 mace of protection
 n - a +4 quarterstaff of chaos
Armour
 a - a +0 robe (worn)
 d - a +0 cloak
 o - a +2 cloak (worn)
Jewellery
 e - an uncursed ring of protection from magic {unknown}
 h - an uncursed amulet of harm {unknown}
Scrolls
 i - a scroll of remove curse {unknown}
 j - a scroll of fog {unknown}
Potions
 m - a potion of flight {unknown}
Comestibles
 c - 3 rations


   Skills:
 - Level 2.2 Dodging
 - Level 1.7 Stealth
 + Level 2.4 Spellcasting
 * Level 1.4 Conjurations
 + Level 3.8 Fire Magic


You had 6 spell levels left.
You knew the following spells:

 Your Spells              Type           Power        Failure   Level  Hunger
a - Flame Tongue          Conj/Fire      ##...        4%          1    None

Your spell library contained the following spells:

 Spells                   Type           Power        Failure   Level  Hunger
 Throw Flame              Conj/Fire      ##....       7%          2    ##.....
 Conjure Flame            Conj/Fire      ##......     14%         3    ###....
 Inner Flame              Hex/Fire       ##......     19%         3    ###....
 Sticky Flame             Conj/Fire      ##......     43%         4    ####...
 Fireball                 Conj/Fire      ##........   78%         5    ######.


Dungeon Overview and Level Annotations

Branches:
Dungeon (3/15)

Annotations:
D:2 Sigmund
D:3 Grinder, Jessica, Robin


Innate Abilities, Weirdness & Mutations

You have an increased reservoir of magic. (+10% MP)


Message History

Aim: a gnoll, wielding a +0 halberd (severely wounded)
The flame tongue misses the gnoll.
The flame tongue hits the gnoll.
The gnoll is heavily wounded.
The gnoll closely misses you.
Casting: Flame Tongue (safe; 4% risk of failure)
Confirm with . or Enter, or press ? or * to list all spells.
Aiming: Flame Tongue (safe; 4% risk of failure)
Press: ? - help, Shift-Dir - straight line, f/p - gnoll
Aim: a gnoll, wielding a +0 halberd (severely wounded)
The flame tongue hits the gnoll!
You kill the gnoll!
Grinder hits you but does no damage.
The gnoll hits you from afar with a +0 halberd!
You hit the gnoll.
You kill the gnoll!
You have reached level 4!
Grinder hits you.
* * * LOW HITPOINT WARNING * * *
You writhe in agony.
You die...

..g..# ._g..# ..##
.ggg.# ..... .S.g#
.. #..#.. ...##.
.... .....# #####..
..# #..... ... #.#
##...#
#..#.#######...#
#.#......)@5.#
#$.......#####
########........#
##..........####..#
##s###.....## #..#
...........# #.#
..####.....# .# .##
#.....# . ##
#.....# .


You could see Grinder.

Vanquished Creatures
  Crazy Yiuf (D:2)
  3 gnolls (D:3)
  2 worms (D:2)
  2 dart slugs
  3 giant cockroaches (D:2)
  3 goblins
  A hobgoblin (D:3)
  5 kobolds
  A quokka (D:2)
  A frilled lizard (D:1)
  A rat (D:1)
23 creatures vanquished.

Vanquished Creatures (others)
  5 toadstools (D:1)
5 creatures vanquished.

Grand Total: 28 creatures vanquished

Notes
Turn   | Place    | Note
-------+----------+-------------------------------------------
     0 | D:1      | CollectiveS the Demigod Fire Elementalist began the quest
                  | for the Orb.
     0 | D:1      | Reached XP level 1. HP: 14/14 MP: 5/5
   715 | D:2      | Noticed Sigmund
  1052 | D:2      | Reached XP level 2. HP: 20/20 MP: 7/7
  1134 | D:2      | Reached skill level 3 in Fire Magic
  1416 | D:2      | Found a runed translucent door.
  1417 | D:2      | Noticed Crazy Yiuf
  1427 | D:2      | Killed Crazy Yiuf
  1427 | D:2      | Reached skill level 1 in Conjurations
  1427 | D:2      | Reached XP level 3. HP: 20/26 MP: 6/9
  1626 | D:3      | Noticed Jessica
  1630 | D:3      | Found a stormy altar of Qazlal.
  1631 | D:3      | Noticed Robin
  1677 | D:3      | Noticed Grinder
  1686 | D:3      | Reached XP level 4. HP: 10/33 MP: 0/10
  1686 | D:3      | Slain by Grinder

Levels and vault maps discovered:
D:1:      ldierk_walled_garden, layout_loops_ring
D:2:      layout_rooms, first_ration, serial_forest, infiniplex_forest_end_2,
          infiniplex_forest_clump_double, infiniplex_forest_lined_1,
          infiniplex_forest_lined_room_2, infiniplex_forest_diagonal,
          infiniplex_forest_straight_4, st_stairs_9, uniq_sigmund,
          uniq_crazy_yiuf_cottage
D:3:      layout_rooms, lemuel_round_altar, uniq_jessica, uniq_robin,
          uniq_grinder

Skill      XL: |  1  2 |
---------------+-------+-----
Dodging        | 2 |  2.2
Fire Magic     | 3 |  3.8
Spellcasting   | 2 |  2.4
Conjurations   | 1 |  1.4
Stealth        | |  1.7

Action                   |  1- 3 |  4- 6 || total
-------------------------+-------+-------++-------
Melee: Spear             |    44 |       ||    44
 Cast: Flame Tongue      |    18 |       ||    18
  Use: Potion            |     3 |       ||     3
       Scroll            |     2 |       ||     2
 Stab: Sleeping          |     3 |       ||     3
  Eat: Chunk             |     1 |       ||     1
       Ration            |     1 |       ||     1
Armor: Robe              |    10 |       ||    10
Dodge: Dodged            |    28 |       ||    28
